 Dungeon Crawl Stone Soup version 0.31-a0-876-gfe8ebadbca (webtiles) character file.

Game seed: 5935673847364172310

527 Zespara the Firebug (level 7, -4/48 HPs)
             Began as a Demonspawn Fire Elementalist on Oct 14, 2023.
             Was an Initiate of Vehumet.
             Killed by nerve-wracking pain
             ... invoked by Menkaure
              (14 damage)
             ... on level 4 of the Dungeon.
             The game lasted 00:46:55 (2519 turns).

Zespara the Firebug (Demonspawn Fire Elementalist)  Turns: 2519, Time: 00:46:56

Health: -4/48      AC:  5    Str:  8    XL:     7   Next: 3%
Magic:  20/20      EV: 10    Int: 18    God:    Vehumet [......]
Gold:   155        SH:  4    Dex: 14    Spells: 11/12 levels left

rFire   . . .        D - +3 dagger
rCold   . . .        (no shield)
rNeg    . . .        v - +0 ring mail
rPois   .            (helmet restricted)
rElec   .            (no cloak)
rCorr   .            (no gloves)
SInv    .            (no boots)
Will    .....        (no amulet)
Stlth   ++           L - ring of magical power
HPRegen 0.28/turn    (no ring)
MPRegen 0.17/turn

%: no passive effects
@: no status effects
A: antennae 1, spiny 2, condensation shield
a: Renounce Religion


You were on level 4 of the Dungeon.
You worshipped Vehumet.
Vehumet was noncommittal.
You visited 2 branches of the dungeon, and saw 6 of its levels.

You collected 155 gold pieces.

Inventory:

Hand Weapons
 c - a +0 dagger of speed
 d - a +0 short sword
 m - a +0 spear
 q - a +0 club
 r - a +0 falchion
 s - a +0 flail
 B - a +0 scythe
 D - a +3 dagger (weapon)
 E - a +0 club
 H - a +0 whip
Missiles
 k - 3 atropa-tipped darts
 I - a boomerang
Armour
 a - a +0 robe
 h - a +0 robe
 i - a +0 leather armour
 j - a +0 ring mail
 l - a +0 robe
 v - a +0 ring mail (worn)
 A - a +0 robe
 F - a +0 ring mail
 G - a +0 plate armour
 J - a +0 leather armour
 P - a +0 cloak
Jewellery
 L - a ring of magical power (left hand)
Talismans
 y - a flux talisman
Scrolls
 e - 3 scrolls of teleportation
 w - 4 scrolls of identify {unknown}
 x - a scroll of vulnerability {unknown}
 K - a scroll of poison
 M - a scroll of revelation {unknown}
 O - a scroll of amnesia {unknown}
Potions
 b - a potion of magic
 f - 2 potions of curing {unknown}
 g - a potion of heal wounds {unknown}
 n - a potion of haste {unknown}
 o - 2 potions of resistance {unknown}
 p - a potion of enlightenment {unknown}
 u - a potion of brilliance {unknown}
 z - a potion of attraction {unknown}
 C - a potion of might {unknown}
 N - 2 potions of berserk rage {unknown}


   Skills:
 + Level 1.3 Fighting
 + Level 1.5 Short Blades
 + Level 0.3 Throwing
 + Level 0.1 Armour
 + Level 2.8 Dodging
 + Level 2.7 Stealth
 + Level 0.3 Shields
 + Level 3.2 Spellcasting
 + Level 2.8 Conjurations
 + Level 4.0 Fire Magic
 + Level 2.4 Evocations


You had 11 spell levels left.
You knew the following spells:

 Your Spells              Type           Power      Damage    Failure   Level
a - Foxfire               Conj/Fire      60%        2x1d7     12%         1

Your spell library contained the following spells:

 Spells                   Type           Power      Damage    Failure   Level
 Scorch                   Fire           34%        2d6       14%         2
 Inner Flame              Hex/Fire       10%        N/A       54%         3
 Volatile Blastmotes      Fire/Tloc      20%        2d11      54%         3
 Stone Arrow              Conj/Erth      16%        3d8       63%         3
 Flame Wave               Conj/Fire      15%        2d7       75%         4
 Animate Armour           Summ/Erth      4%         N/A       99%         4
 Lehudib's Crystal Spear  Conj/Erth      4%         10d3      100%        8


Dungeon Overview and Level Annotations

Branches:
Dungeon (5/15)             Temple (1/1) D:4

Altars:
Ashenzari
Cheibriados
Dithmenos
Fedhas
Gozag
Hepliaklqana
Kikubaaqudgha
Makhleb
Nemelex Xobeh
Okawaru
Qazlal
Ru
Sif Muna
Trog
Uskayaw
Vehumet
Wu Jian
Xom
Yredelemnul

Annotations:
D:4 3 runed translucent doors, Kurtz's ghost, weakling NaDe; Menkaure


Innate Abilities, Weirdness & Mutations

You have a pair of small antennae on your head.
You are mostly covered in sharp spines.
A meltable shield of frost defends you. (SH +4)


Message History

Menkaure is lightly damaged.
The gnoll hits you from afar with a +0 spear.
Casting: Foxfire (safe; 12% risk of failure)
Press: ? - help, Q - select action, (/) - cycle Dir - look around, f - activate
There is not enough space to conjure foxfire!
You hit Menkaure.
Menkaure is lightly damaged.
The gnoll barely misses you.
You hit the gnoll bouda.
The gnoll bouda is moderately wounded.
The gnoll hits you from afar with a +0 spear.
The gnoll barely misses you.
The gnoll bouda hits you with a +0 club!
You hit the gnoll bouda.
The gnoll bouda is heavily wounded.
The gnoll hits you from afar with a +0 spear.
Menkaure gestures wildly while chanting.
Menkaure seems to speed up.
You block the gnoll's attack. You block the gnoll bouda's attack.
Menkaure closely misses you. You block the gnoll's attack.
The gnoll hits you from afar with a +0 spear.
The gnoll bouda hits you with a +0 club.
You climb upwards.
Level annotation: 3 runed translucent doors, Kurtz's ghost, weakling NaDe
There is a stone staircase leading down here.
Menkaure gestures at you while chanting.
You struggle to resist.
The gnoll bouda is struck by your spines.
The gnoll bouda closely misses you.
Menkaure points at you and mumbles some strange words.
Pain shoots through your body! Menkaure attacks as he pursues you!
Menkaure barely misses you.
The gnoll bouda utters an invocation to its god.
The gnoll bouda is healed somewhat.
Menkaure calls on the powers of darkness!
The gnoll bouda convulses!
Your body is wracked with pain!
* * * LOW HITPOINT WARNING * * *
Menkaure casts a spell at you. Pain shoots through your body!
You die...

###.######.#
#..))....#
########.....[.##
#####........#####..##
#>....######## ##..#
#..M..# ##.) #.g...#
############## #.....#
#............. #....@#
#####[..###### #.....#
###.....## #.....#####
#####...
#.........##### ###.
#.....###>....## #.
#.....# #####..## ##
####### ##..######
##...#... #.....##


You could see Menkaure (fast) and a gnoll bouda.

Vanquished Creatures
  Sigmund (D:3)
  A bullfrog (D:4)
  2 scorpions (D:4)
  An orc priest (D:3)
  2 gnolls (D:5)
  7 adders
  2 worms (D:3)
  9 orcs
  12 ball pythons
  4 bats (D:3)
  3 endoplasms
  3 giant cockroaches
  3 goblins
  4 hobgoblins
  2 quokkas
  2 frilled lizards (D:1)
  5 kobolds
  5 rats
68 creatures vanquished.

Vanquished Creatures (others)
  91 foxfires
91 creatures vanquished.

Grand Total: 159 creatures vanquished

Notes
Turn   | Place    | Note
-------+----------+-------------------------------------------
     0 | D:1      | Zespara the Demonspawn Fire Elementalist began the quest
                  | for the Orb.
     0 | D:1      | Reached XP level 1. HP: 13/13 MP: 3/3
   145 | D:1      | Reached skill level 3 in Fire Magic
   214 | D:1      | Gained mutation: You are partially covered in sharp spines.
                  | [demonic ancestry]
   214 | D:1      | Reached XP level 2. HP: 19/19 MP: 0/5
   330 | D:2      | Gained mutation: You are mostly covered in sharp spines.
                  | [demonic ancestry]
   330 | D:2      | Reached XP level 3. HP: 20/25 MP: 2/6
  1211 | D:3      | Gained mutation: A meltable shield of frost defends you.
                  | (SH +4) [demonic ancestry]
  1211 | D:3      | Reached XP level 4. HP: 30/31 MP: 7/7
  1352 | D:3      | Noticed Sigmund
  1356 | D:3      | Killed Sigmund
  1357 | D:3      | Reached skill level 1 in Fighting
  1357 | D:3      | Reached skill level 1 in Short Blades
  1357 | D:3      | Gained mutation: You have a pair of small antennae on your
                  | head. [demonic ancestry]
  1357 | D:3      | Reached XP level 5. HP: 37/37 MP: 7/9
  1634 | D:3      | Reached XP level 6. HP: 43/43 MP: 10/10
  1903 | D:4      | Reached skill level 4 in Fire Magic
  1903 | D:4      | Reached skill level 1 in Evocations
  1956 | D:4      | Found a runed translucent gate.
  1957 | D:4      | Found a runed translucent gate.
  1959 | D:4      | Found a runed translucent gate.
  1962 | D:4      | Noticed Kurtz's ghost (weakling NaDe)
  1975 | D:4      | Found a staircase to the Ecumenical Temple.
  1984 | Temple   | Entered the Ecumenical Temple
  2020 | Temple   | Became a worshipper of Vehumet
  2184 | D:4      | Found a sparkling altar of Nemelex Xobeh.
  2186 | D:4      | Found a hide-covered altar of Uskayaw.
  2190 | D:4      | Found an ornate altar of the Wu Jian Council.
  2193 | D:4      | Found a shadowy altar of Dithmenos.
  2336 | D:5      | Entered Level 5 of the Dungeon
  2340 | D:5      | Noticed Menkaure
  2341 | D:5      | Reached XP level 7. HP: 48/48 MP: 11/11
  2519 | D:4      | Killed from afar by Menkaure

Illustrated notes

Levels and vault maps discovered:
D:1:      sevenhm_arrival_forest_fort_small_6, layout_rooms,
          chequers_serial_rivers_micro_b, st_stairs_8
D:2:      layout_basic, dk_vineyard_3
D:3:      layout_basic, minmay_snake_closets, uniq_sigmund
D:4:      layout_rooms, minitemple, minmay_temple_entry_glass,
          gammafunk_ghost_nasty_kobolds
D:5:      layout_basic, nicolae_hexahallways, grunt_ministairs_3, uniq_menkaure
Temple:   mainiacjoe_temple_coin_purse

Skill      XL: |  1  2  3  4  5  6 |
---------------+-------------------+-----
Fire Magic     | 3 4 |  4.0
Dodging        | 2 |  2.8
Stealth        | 2 |  2.7
Fighting       | 1 |  1.3
Short Blades   | 1 |  1.5
Spellcasting   | 3 |  3.2
Conjurations   | 2 |  2.8
Evocations     | 2 |  2.4
Throwing       | |  0.3
Armour         | |  0.1
Shields        | |  0.3

Action                     |  1- 3 |  4- 6 |  7- 9 || total
---------------------------+-------+-------+-------++-------
  Melee: Dagger            |    52 |    15 |     3 ||    70
         Unarmed           |     9 |       |       ||     9
  Throw: Dart              |       |     3 |       ||     3
   Cast: Foxfire           |    29 |    29 |     4 ||    62
  Evoke: Wand              |       |    32 |       ||    32
    Use: Scroll            |     1 |     4 |       ||     5
   Stab: Sleeping          |     2 |       |       ||     2
 Armour: Robe              |    23 |       |       ||    23
         Ring mail         |       |    11 |    11 ||    22
  Dodge: Dodged            |    25 |    12 |     7 ||    44
  Block: Other             |       |     6 |     5 ||    11

Table legend: (Time is in decaauts)
 A = Elapsed time spent in this place.
 B = Non-inter-level travel time spent in this place.
 C = Inter-level travel time spent in this place.
 D = Time resting spent in this place.
 E = Time spent auto-exploring this place.
 F = Levels seen in this place.
 G = Mean time per level.
                   A        B        C        D        E       F      G
               +--------+--------+--------+--------+--------+-----+--------+
         Total |   2499 |    764 |   1735 |      0 |      0 |   6 |  416.5 |
       Dungeon |   2437 |    754 |   1683 |      0 |      0 |   5 |  487.4 |
        Temple |     61 |      9 |     52 |      0 |      0 |   1 |   61.0 |
               +--------+--------+--------+--------+--------+-----+--------+

Top non-repeatable levels by time:
     D:3: 762 daAuts
     D:4: 663 daAuts
     D:2: 628 daAuts
     D:1: 358 daAuts
  Temple: 61 daAuts
     D:5: 24 daAuts
